 Dungeon Crawl Stone Soup version 0.29-a0-91-gdebf4667c2 (webtiles) character file.

Game seed: 17525732020651876123

449 kae the Ruffian (level 6, -4/50 HPs)
             Began as a Draconian Transmuter on Feb 8, 2022.
             Slain by a mummy (12 damage)
             ... in an ossuary.
             The game lasted 00:03:59 (3160 turns).

kae the Ruffian (Draconian Transmuter)              Turns: 3160, Time: 00:04:00

Health: -4/50      AC:  6    Str: 12    XL:     6   Next: 74%
Magic:  2/10       EV: 12    Int: 16    God:
Gold:   117        SH:  0    Dex: 11    Spells: 2/10 levels left

rFire   . . .      SeeInvis .     - Unarmed
rCold   + . .      Faith    .   (no shield)
rNeg    . . .      Spirit   .   (armour unavailable)
rPois   .          Reflect  .   (helmet restricted)
rElec   .          Harm     .   (no cloak)
rCorr   .          Rampage  .   (no gloves)
Will    .....                   (no boots)
Stlth   +.........              b - amulet of regeneration
HPRegen 0.96/turn               a - ring of protection from cold
MPRegen 0.12/turn               (no ring)

@: slightly contaminated
A: AC +6, unfitting armour, cold-blooded
a: no special abilities


You were in an ossuary.
You visited 1 branch of the dungeon, and saw 4 of its levels.
You also visited: Ossuary.

You collected 117 gold pieces.

Inventory:

Jewellery
 a - a ring of protection from cold (left hand)
 b - an amulet of regeneration (around neck)
 c - an amulet of magic regeneration
Scrolls
 d - a scroll of enchant weapon
 g - a scroll of teleportation
 i - 2 scrolls of fear
 j - a scroll of identify
Potions
 e - 2 potions of degeneration
 f - a potion of attraction
 h - a potion of brilliance


   Skills:
 + Level 2.6 Fighting
 + Level 2.7 Dodging
 * Level 4.5 Unarmed Combat
 + Level 2.9 Spellcasting
 * Level 3.8 Transmutations
 * Level 1.8 Ice Magic
 - Level 2.0 Poison Magic


You had 2 spell levels left.
You knew the following spells:

 Your Spells              Type           Power      Damage    Failure   Level
a - Beastly Appendage     Tmut           28%        N/A       3%          1
b - Spider Form           Tmut/Pois      11%        N/A       17%         3
c - Ice Form              Ice/Tmut       11%        N/A       52%         4

Your spell library contained the following spells:

 Spells                   Type           Power      Damage    Failure   Level
 Sting                    Tmut/Pois      44%        1d5       6%          1
 Wereblood                Tmut           14%        N/A       6%          2
 Pain                     Necr           8%         1d4       19%         1
 Summon Small Mammal      Summ           8%         N/A       19%         1
 Call Canine Familiar     Summ           2%         N/A       50%         3
 Summon Guardian Golem    Hex/Summ       2%         N/A       50%         3
 Agony                    Necr           2%         N/A       99%         5
 Excruciating Wounds      Necr           1%         N/A       99%         5


Dungeon Overview and Level Annotations

Branches:
Dungeon (4/15)            Ossuary (1/1)
 Temple: D:4-7

Altars:

Shops:
D:3 [


Innate Abilities, Weirdness & Mutations

Your plain brown scales are hard. (AC +6)
You cannot fit into any form of body armour.
You are cold-blooded and may be slowed by cold attacks.


Message History

You feel sick. The mummy hits you!
Okay, then.
You hit the mummy but do no damage.
You feel sick. The mummy barely misses you.
You hit the mummy.
Your tail-slap misses the mummy.
The mummy is lightly damaged.
You feel sick. The mummy hits you.
You feel sick. The mummy closely misses you.
You feel sick.
You are no longer poisoned.
The mummy barely misses you. The mummy closely misses you.
There is an empty arch of ancient stone here.
You feel less contaminated with magical energies.
Okay, then.
Unknown command.
The mummy hits you but does no damage. The mummy hits you! The mummy hits you!
* * * LOW HITPOINT WARNING * * *
The mummy closely misses you.
You feel much better.
You barely miss the mummy.
The mummy is lightly damaged.
The mummy hits you.
You hit the mummy.
The mummy is heavily damaged.
The mummy closely misses you.
You hit the mummy. You tail-slap the mummy.
The mummy is almost destroyed.
The mummy hits you!
* * * LOW HITPOINT WARNING * * *
You hit the mummy but do no damage.
The mummy is almost destroyed.
The mummy hits you!
* * * LOW HITPOINT WARNING * * *
You hit the mummy but do no damage.
Your tail-slap misses the mummy.
The mummy is almost destroyed.
The mummy misses you.
You hit the mummy.
You destroy the mummy!
You closely miss the mummy. The mummy hits you!
You die...

####
#@M######
##M.....#
#...∩.∩.+
##......#
#..######
####


You could see 2 mummies.

Vanquished Creatures
  Menkaure (D:4)
  A kobold brigand (D:3)
  A scorpion (D:4)
  A human zombie (D:4)
  2 human skeletons (D:4)
  A mummy (Ossuary)
  A gnoll (D:1)
  3 adders
  2 worms
  2 dart slugs
  5 orcs (D:4)
  4 bats (D:1)
  4 endoplasms
  A giant cockroach (D:1)
  2 goblins (D:3)
  3 hobgoblins
  4 jackals (D:1)
  14 kobolds
  3 quokkas
  3 ball pythons
  5 frilled lizards
  4 orc skeletons (D:4)
  5 rats
72 creatures vanquished.

Notes
Turn   | Place    | Note
-------+----------+-------------------------------------------
     0 | D:1      | kae the Draconian Transmuter began the quest for the Orb.
     0 | D:1      | Reached XP level 1. HP: 16/16 MP: 3/3
   200 | D:1      | Reached XP level 2. HP: 20/23 MP: 3/5
   588 | D:1      | Reached XP level 3. HP: 12/28 MP: 4/6
   592 | D:1      | Learned a level 3 spell: Spider Form
  1478 | D:2      | Identified the +10 quarterstaff of Karma {spect, rElec
                  | Str+4}
  1797 | D:2      | Found a faded altar of an unknown god.
  1815 | D:2      | Got Plato's Reference Book on Venom
  2171 | D:3      | Found Cebaps's Armour Shop.
  2241 | D:3      | Reached XP level 4. HP: 35/35 MP: 7/7
  2304 | D:3      | Noticed a kobold brigand
  2430 | D:3      | Killed a kobold brigand
  2431 | D:3      | Reached skill level 1 in Poison Magic
  2431 | D:3      | Reached XP level 5. HP: 16/41 MP: 8/8
  2463 | D:3      | Learned a level 4 spell: Ice Form
  2909 | D:4      | Reached skill level 4 in Unarmed Combat
  2999 | D:4      | Noticed Menkaure
  3016 | D:4      | Killed Menkaure
  3017 | D:4      | Reached skill level 1 in Ice Magic
  3017 | D:4      | Reached XP level 6. HP: 45/49 MP: 5/10
  3120 | D:4      | Found a sand-covered staircase.
  3130 | Ossuary  | Entered an ossuary
  3160 | Ossuary  | Slain by a mummy

Illustrated notes

Levels and vault maps discovered:
D:1:      wander_arrival_estate, layout_rooms, minmay_misc_feat_secret_circle
D:2:      layout_loops_ring, shapermc_ecumenical_altar_rom_forum
D:3:      cheibrodos_thug_alley, layout_loops_ring, serial_shops,
          nicolae_lakefront_shop
D:4:      layout_basic, nicolae_ossuary_entry_catacombs,
          minmay_increasing_density, uniq_menkaure
Ossuary:  ossuary_minmay_chase

Skill      XL: |  1  2  3  4  5 |
---------------+----------------+-----
Dodging        | 2 |  2.7
Fighting       | 2 |  2.6
Transmutations | 3 |  3.8
Poison Magic   | 1 2 |  2.0
Unarmed Combat | 4 |  4.5
Ice Magic      | 1 |  1.8
Spellcasting   | |  2.9

Action                   |  1- 3 |  4- 6 || total
-------------------------+-------+-------++-------
Melee: Unarmed           |   122 |   123 ||   245
       Kick              |    18 |     9 ||    27
       Headbutt          |    12 |     7 ||    19
       Tailslap          |    12 |     7 ||    19
       Punch             |     1 |     4 ||     5
 Cast: Beastly Appendage |    32 |    11 ||    43
       Ice Form          |       |     2 ||     2
       Spider Form       |       |     1 ||     1
  Use: Scroll            |     7 |     3 ||    10
       Potion            |       |     1 ||     1
Armor: Skin              |    42 |    18 ||    60
Dodge: Dodged            |    80 |    51 ||   131

Table legend: (Time is in decaauts)
 A = Elapsed time spent in this place.
 B = Non-inter-level travel time spent in this place.
 C = Inter-level travel time spent in this place.
 D = Time resting spent in this place.
 E = Time spent auto-exploring this place.
 F = Levels seen in this place.
 G = Mean time per level.
                   A        B        C        D        E       F      G
               +--------+--------+--------+--------+--------+-----+--------+
         Total |   3150 |   3043 |    107 |    157 |   2137 |   5 |  630.0 |
       Dungeon |   3120 |   3013 |    107 |    157 |   2137 |   4 |  780.0 |
       Ossuary |     29 |     29 |      0 |      0 |      0 |   1 |   29.0 |
               +--------+--------+--------+--------+--------+-----+--------+

Top non-repeatable levels by time:
     D:1: 1150 daAuts
     D:3: 845 daAuts
     D:2: 765 daAuts
     D:4: 360 daAuts
 Ossuary: 29 daAuts
